 Dungeon Crawl Stone Soup version 0.27-a0-1149-g4505690ab0 (webtiles) character file.

Game seed: 8370234665998708079

19 snetch the Magician (level 2, -1/21 HPs)
             Began as a Djinni Fire Elementalist on May 13, 2021.
             Slain by a gnoll
             ... wielding a +0 whip
              (5 damage)
             ... on level 1 of the Dungeon.
             The game lasted 00:02:05 (1132 turns).

snetch the Magician (Djinni Fire Elementalist)      Turns: 1132, Time: 00:02:05

Health: -1/21      AC:  2    Str:  7    XL:     2   Next: 95%
Gold:   12         EV: 12    Int: 16    God:
                   SH:  0    Dex: 13

rFire    + + .     SeeInvis .   c - +0 dagger
rCold    x . .     Faith    .   (no shield)
rNeg     . . .     Spirit   .   a - +0 robe
rPois    ∞         Reflect  .   (no helmet)
rElec    .         Harm     .   (no cloak)
rCorr    .         Rampage  .   (no gloves)
Will     .....                  (boots unavailable)
Stlth    ++........             (no amulet)
HPRegen  0.07/turn              (no ring)
MPRegen  0.00/turn              (no ring)

@: flying
A: sickness immunity, fire resistance 2, cold vulnerability 1, float, innate
caster, hp casting, extra vitality 1
a: no special abilities


You were on level 1 of the Dungeon.
You visited 1 branch of the dungeon, and saw 2 of its levels.

You collected 12 gold pieces.

Inventory:

Hand Weapons
 c - a +0 dagger (weapon)
Missiles
 d - 17 stones
Armour
 a - a +0 robe (worn)
 g - a +0 scale mail
Jewellery
 i - an amulet of magic regeneration
Scrolls
 b - 2 scrolls of fear {unknown}
 e - a scroll of teleportation {unknown}
 f - 2 scrolls of immolation {unknown}
 j - a scroll of vulnerability {unknown}
 k - a scroll of enchant armour {unknown}
 l - a scroll of identify {unknown}
 m - a scroll of torment {unknown}
Potions
 h - 2 potions of attraction {unknown}


   Skills:
 + Level 2.2 Dodging
 + Level 1.6 Stealth
 + Level 3.0 Spellcasting


You couldn't memorise any spells.
You knew the following spells:

 Your Spells              Type           Power      Damage    Failure   Level
a - Foxfire               Conj/Fire      48%        2x1d6     5%          1
b - Conjure Flame         Conj/Fire      12%        6-21      16%         3
c - Inner Flame           Hex/Fire       12%        N/A       16%         3
d - Sticky Flame          Conj/Fire      12%        2d4       45%         4
e - Fireball              Conj/Fire      6%         3d5       82%         5
Your spell library was empty.

Dungeon Overview and Level Annotations

Branches:
Dungeon (2/15)

Altars:

Annotations:
D:2 Terence


Innate Abilities, Weirdness & Mutations

You are immune to sickness and miasma.
You are immune to poison.
Your flesh is very heat resistant. (rF++)
You are vulnerable to cold. (rC-)
You float through the air rather than walking.
You learn spells naturally, not from books.
Your magical power is your life essence.
You have superior vitality. (+4 HP)


Message History

k - a scroll labelled DIULOG IFIAV
l - a scroll labelled QISENU WEKLATER You need no library to learn spells.
m - a scroll labelled RINGIPP ZUULO
Found a stone staircase leading down.
There is a stone staircase leading down here.
You fly downwards.
Level annotation: Terence
Found a fuming brown potion.
There is a stone staircase leading up here.
You conjure some foxfire!
The gnoll shouts!
The gnoll misses you.
You conjure some foxfire!
The ball python hisses angrily.
The gnoll hits you from afar with a +0 spear.
The foxfire hits the gnoll.
The gnoll is lightly wounded.
The foxfire hits the gnoll but does no damage.
The gnoll is lightly wounded.
Unknown command.
You conjure some foxfire!
The foxfire hits the gnoll.
The gnoll is lightly wounded.
The foxfire hits the gnoll but does no damage.
The gnoll is lightly wounded.
The gnoll hits you from afar with a +0 spear!
The endoplasm freezes you.
You are frozen.
You feel a terrible chill!
The foxfire hits the gnoll.
The gnoll is heavily wounded.
The foxfire hits the gnoll.
The gnoll is heavily wounded.
The gnoll barely misses you. The gnoll misses you. The endoplasm freezes you.
You are frozen.
You feel a terrible chill!
* * * LOW HITPOINT WARNING * * *
You fly upwards.
There is a stone staircase leading down here.
You hit the endoplasm but do no damage. The gnoll hits you with a +0 whip.
You die...

#.# ####........#.....
#.# #.#......#.####
#.# #.#....#.#. #.#
#.#..#.#.#.# #.#
#.#..#.#.#.# #.#
#.#....#.#.#### #.#
#.#.##.#.#.....
#.######.#............
#...J@g.....##........
########.#............
.##........ ####.####
#.# # . #.# #
#...####.# #
#........####
#..#####...).


You could see a gnoll and an endoplasm.

Vanquished Creatures
  An adder (D:1)
  A bat (D:2)
  An endoplasm (D:1)
  2 goblins (D:1)
  2 hobgoblins (D:1)
  A kobold (D:1)
  A frilled lizard (D:1)
9 creatures vanquished.

Vanquished Creatures (others)
  38 foxfires
38 creatures vanquished.

Grand Total: 47 creatures vanquished

Notes
Turn   | Place    | Note
-------+----------+-------------------------------------------
     0 | D:1      | snetch the Djinni Fire Elementalist began the quest for the
                  | Orb.
     0 | D:1      | Reached XP level 1. HP: 15/15 MP: 0/0
   119 | D:1      | Reached XP level 2. HP: 11/21 MP: 0/0
   562 | D:2      | Noticed Terence
   570 | D:1      | Reached skill level 3 in Spellcasting
  1132 | D:1      | Slain by a gnoll

Illustrated notes

Levels and vault maps discovered:
D:1:      minmay_arrival_four_houses, layout_basic
D:2:      layout_rooms, nrook_uturn, uniq_terence

Skill      XL: |  1  2 |
---------------+-------+-----
Spellcasting   | 3 |  3.0
Dodging        | |  2.2
Stealth        | |  1.6

Action                   || total
-------------------------++-------
Melee: Dagger            ||     1
 Cast: Foxfire           ||    22
Armor: Robe              ||     1
Dodge: Dodged            ||    12

Table legend: (Time is in decaauts)
 A = Elapsed time spent in this place.
 B = Non-inter-level travel time spent in this place.
 C = Inter-level travel time spent in this place.
 D = Time resting spent in this place.
 E = Time spent auto-exploring this place.
 F = Levels seen in this place.
 G = Mean time per level.
                   A        B        C        D        E       F      G
               +--------+--------+--------+--------+--------+-----+--------+
         Total |   1133 |   1133 |      0 |     91 |    912 |   2 |  566.5 |
       Dungeon |   1133 |   1133 |      0 |     91 |    912 |   2 |  566.5 |
               +--------+--------+--------+--------+--------+-----+--------+

Top non-repeatable levels by time:
     D:1: 1121 daAuts
     D:2: 12 daAuts
